 Dungeon Crawl Stone Soup version 0.17.1-2-g5865329 (webtiles) character file.

212 Pepeogr the Digger (level 5, -1/38 HPs)
             Began as a Draconian Earth Elementalist on Feb 9, 2016.
             Slain by a scorpion (3 damage)
             ... on level 4 of the Dungeon on Feb 10, 2016.
             The game lasted 00:41:33 (3416 turns).

Pepeogr the Digger (Draconian Earth Elementalist)   Turns: 3416, Time: 00:41:33

Health: -1/38      AC:  5    Str: 11    XL:     5   Next: 58%
Magic:  3/9        EV: 12    Int: 16    God:
Gold:   135        SH:  0    Dex: 11    Spells: 3 memorised, 4 levels left

rFire  . . .     SeeInvis .     i - +0 club
rCold  . . .     Clarity  .     (armour unavailable)
rNeg   . . .     SustAt   .     (no shield)
rPois  .         Gourm    .     (helmet restricted)
rElec  .         Spirit   .     (no cloak)
rCorr  .         Warding  .     (no gloves)
rMut   .         Stasis   .     (no boots)
MR     .....                    (no amulet)
Stlth  ++........               (no ring)
                                (no ring)

@: lethally poisoned (-1 -> -3), very slightly contaminated, not resistant to
hostile enchantments, unstealthy
A: unfitting armour, cold-blooded, AC +5
a: no special abilities


You were on level 4 of the Dungeon.
You were hungry.

You visited 1 branch of the dungeon, and saw 4 of its levels.

You collected 135 gold pieces.

Inventory:

Hand Weapons
 e - a +0 whip
 h - a +0 hunting sling
 i - a +0 club (weapon)
 n - a +0 hunting sling
 q - a +0 dagger
 r - a +0 blowgun
Missiles
 a - 107 stones
 f - 15 silver bolts
 j - 19 poisoned needles (quivered)
 l - 41 arrows
 m - 20 bolts
Armour
 c - a +0 robe
 o - a +0 robe
Wands
 t - a wand of invisibility (3)
Scrolls
 k - 2 scrolls of remove curse
 s - a scroll of amnesia
Potions
 u - a potion of brilliance {unknown}
Books
 b - a book of Geomancy

   Spells                             Type                      Level
   a - Sandblast                      Earth                        1
   b - Stoneskin                      Transmutation/Earth          2
   c - Passwall                       Transmutation/Earth          3
   d - Stone Arrow                    Conjuration/Earth            3
   e - Petrify                        Transmutation/Earth          4
   f - Lee's Rapid Deconstruction     Earth                        5


   Skills:
 + Level 0.2 Maces & Flails
 - Level 1.7 Dodging
 - Level 1.8 Stealth
 + Level 3.2 Spellcasting
 - Level 1.0 Transmutations
 * Level 5.6 Earth Magic


You had 4 spell levels left.
You knew the following spells:

 Your Spells              Type           Power        Failure   Level  Hunger
a - Sandblast             Erth           ###...       1%          1    None
b - Stone Arrow           Conj/Erth      ##....       17%         3    ###....
c - Stoneskin             Trmt/Erth      ##......     10%         2    ##.....


Dungeon Overview and Level Annotations

Branches:
Dungeon (4/15)
 Temple: D:4-7

Altars:
Cheibriados
Makhleb
Ru
Xom

Annotations:
D:2 Natasha


Innate Abilities, Weirdness & Mutations

Your plain brown scales are hard (AC +5).
Your body does not fit into most forms of armour.
You are cold-blooded and may be slowed by cold attacks.


Message History

You tail-slap the scorpion, but do no damage.
The scorpion is severely wounded.
* * * LOW HITPOINT WARNING * * *
You feel sick. The scorpion barely misses you.
* * * LOW HITPOINT WARNING * * *
You feel sick.
You closely miss the scorpion.
The scorpion is severely wounded.
You flicker back into view.
* * * LOW HITPOINT WARNING * * *
You feel sick. The scorpion closely misses you.
The scorpion stings you but does no damage.
You barely miss the scorpion.
The scorpion is severely wounded.
The scorpion completely misses you.
You hit the scorpion but do no damage.
The scorpion is severely wounded.
The scorpion stings you.
You die...

. .... . ... #
#.####.. #
####......$ .
##....## .
##......## .
.##........# .
........s.##.#.##
.####...@.......#
#####........ .
......... .
#......... #
#.........
#........(
#.........
#......... #


You could see a scorpion.

Vanquished Creatures
  An ogre (D:4)
  A crimson imp (D:3)
  A hound (D:3)
  2 adders
  3 giant geckos
  4 giant cockroaches
  7 goblins
  14 hobgoblins
  2 quokkas (D:3)
  A ball python (D:1)
  3 bats
  7 giant newts
  A jackal skeleton (D:4)
  8 kobolds
  8 rats
  A plant (D:2)
64 creatures vanquished.

Notes
Turn   | Place    | Note
--------------------------------------------------------------
     0 | D:1      | Pepeogr the Draconian Earth Elementalist began the quest for the Orb.
     0 | D:1      | Reached XP level 1. HP: 14/14 MP: 3/3
   492 | D:1      | Reached XP level 2. HP: 18/20 MP: 1/5
  1246 | D:2      | Reached skill level 4 in Earth Magic
  1246 | D:2      | Reached XP level 3. HP: 26/26 MP: 2/6
  1251 | D:2      | Learned a level 3 spell: Stone Arrow
  1366 | D:2      | Found a sacrificial altar of Ru.
  1738 | D:2      | Noticed Natasha
  2363 | D:2      | Found a shimmering altar of Xom.
  2363 | D:2      | Found a burning altar of Makhleb.
  2703 | D:3      | Reached XP level 4. HP: 33/33 MP: 1/7
  2834 | D:3      | Learned a level 2 spell: Stoneskin
  2954 | D:3      | Reached skill level 5 in Earth Magic
  3133 | D:4      | Noticed an ogre
  3146 | D:4      | Killed an ogre
  3146 | D:4      | Reached XP level 5. HP: 36/38 MP: 3/9
  3355 | D:4      | Found a snail-covered altar of Cheibriados.
  3407 | D:4      | HP: 1/38 [scorpion (5)]
  3416 | D:4      | Slain by a scorpion

Action                   |  1- 3 |  4- 6 || total
-------------------------+-------+-------++-------
Melee: Whip              |    98 |       ||    98
       Hunting sling     |     8 |       ||     8
       Blowgun           |    19 |    20 ||    39
       Unarmed           |     1 |       ||     1
       Club              |       |    29 ||    29
 Fire: Hunting sling     |    42 |       ||    42
       Blowgun           |    32 |    63 ||    95
Throw: Stone             |     1 |       ||     1
 Cast: Sandblast         |    25 |       ||    25
       Stone Arrow       |     5 |     8 ||    13
Evoke: Wand              |       |     1 ||     1
  Use: Scroll            |       |     8 ||     8
       Potion            |       |     2 ||     2
 Stab: Sleeping          |     2 |     3 ||     5
       Invisible         |       |     2 ||     2
  Eat: Bread ration      |     1 |       ||     1
       Fruit             |     2 |       ||     2
       Pizza             |     1 |       ||     1
       Chunk             |       |     2 ||     2
